 Dungeon Crawl Stone Soup version 0.29.0-5-ge4962eb29e (webtiles) character file.

Game seed: 7902495379841867619

807 Arcadio the Trooper (level 7, 0/61 HPs)
             Began as a Black Draconian Artificer on Aug 29, 2022.
             Was a Believer of Makhleb.
             Slain by a killer bee (7 damage)
             ... on level 5 of the Dungeon.
             The game lasted 00:09:15 (4031 turns).

Arcadio the Trooper (Black Draconian Artificer)     Turns: 4031, Time: 00:09:16

Health: 0/61       AC: 10    Str: 22    XL:     7   Next: 60%
Magic:  7/7        EV: 13    Int: 12    God:    Makhleb [**....]
Gold:   215        SH:  0    Dex: 11    Spells: 6/6 levels left

rFire   . . .      SeeInvis .   n - +2 war axe (vorpal)
rCold   . . .      Faith    .   (no shield)
rNeg    . . .      Spirit   .   (body armour unavailable)
rPois   .          Reflect  .   (helmet restricted)
rElec   +          Harm     .   (no cloak)
rCorr   .          Rampage  .   (no gloves)
Will    .....                   (no boots)
Stlth   +.........              (no amulet)
HPRegen 0.20/turn               i - +4 ring of protection
MPRegen 0.10/turn               q - +6 ring of strength

@: short of breath
A: breathe lightning, AC +6, unfitting armour, electricity resistance,
cold-blooded
a: Breathe Lightning, Renounce Religion, Minor Destruction


You were on level 5 of the Dungeon.
You worshipped Makhleb.
Makhleb was pleased with you.
You visited 1 branch of the dungeon, and saw 5 of its levels.

You collected 215 gold pieces.

Inventory:

Hand Weapons
 a - a +0 club
 j - a +0 mace
 n - a +2 vorpal war axe (weapon)
 u - a +3 scythe of protection
Jewellery
 i - a +4 ring of protection (left hand)
 q - a +6 ring of strength (right hand)
Wands
 b - a wand of flame (12)
 c - a wand of charming (17)
 d - a wand of iceblast (4)
 s - a wand of digging (3)
 t - a wand of polymorph (8)
Scrolls
 f - a scroll of poison {unknown}
 g - a scroll of amnesia {unknown}
 h - 2 scrolls of fear
 l - a scroll of immolation {unknown}
 o - 2 scrolls of brand weapon {unknown}
 r - 2 scrolls of enchant armour {unknown}
 w - a scroll of magic mapping {unknown}
 x - a scroll of torment {unknown}
Potions
 e - 4 potions of curing
 k - 4 potions of mutation
 m - a potion of invisibility {unknown}
 p - a potion of flight {unknown}
 v - a potion of lignification {unknown}


   Skills:
 + Level 5.3 Fighting
 + Level 3.5 Axes
 + Level 4.9 Dodging
 - Level 0.8 Stealth
 - Level 4.3 Evocations


You had 6 spell levels left.
You didn't know any spells.
Your spell library contained the following spells:

 Spells                   Type           Power      Damage    Failure   Level
 Inner Flame              Hex/Fire       0%         N/A       69%         3
 Cause Fear               Hex            0%         N/A       97%         4
 Discord                  Hex            0%         N/A       100%        8


Dungeon Overview and Level Annotations

Branches:
Dungeon (5/15) Zot: 25858
 Temple: D:4-7

Altars:
Makhleb
Sif Muna
Xom
Zin


Innate Abilities, Weirdness & Mutations

You can breathe wild blasts of lightning.
Your glossy black scales are hard. (AC +6)
You cannot fit into any form of body armour.
You are resistant to electric shocks. (rElec)
You are cold-blooded and may be slowed by cold attacks.


Message History

The kobold brigand misses you.
The kobold brigand hits you but does no damage.
You completely miss the kobold brigand.
The kobold brigand is severely wounded.
The kobold brigand hits you with a +0 short sword.
* * * LOW HITPOINT WARNING * * *
The kobold brigand hits you with a +0 short sword.
* * * LOW HITPOINT WARNING * * *
You closely miss the kobold brigand. You tail-slap the kobold brigand.
The kobold brigand is almost dead.
The kobold brigand hits you but does no damage. x2
You hit the kobold brigand.
You kill the kobold brigand!
Makhleb accepts your kill.
You feel yourself speed up.
You start resting.
A killer bee comes into view.
Activating: Breathe Lightning (5% risk of failure)
Press: ? - help, Dir - look around, f - activate You breathe a wild blast of lightning!
You hear a mighty clap of thunder!
The bolt of lightning misses you.
You hear a mighty clap of thunder!
The bolt of lightning hits you! You resist.
* * * LOW HITPOINT WARNING * * *
The bolt of lightning misses you.
The orb of electricity explodes!
The orb of electricity engulfs you! You resist.
* * * LOW HITPOINT WARNING * * *
You hear a mighty clap of thunder!
The bolt of lightning misses you.
The killer bee buzzes angrily.
You hear an angry buzzing noise. x3
You slash the killer bee!
The killer bee is almost dead.
The killer bee misses you. The killer bee closely misses you. x2
A killer bee comes into view.
You closely miss the killer bee.
The killer bee is almost dead.
The killer bee stings you but does no damage.
The killer bee stings you!
You die...

#.........##.#
#.###.###.##.### ###
.... #.# #.#.... ...
..... #.###.##.####
#.##.....
#............ ...#....
#####.#...### #..'..♣
#...+.y# #....
#.#######..#.#..###.)#
#.........##.##.@##.K#
######..##.⌠.##)y#..#
##.##.....##....##
#.##.......##....#
#.#...#.#...#..###
#.'⌠.##.##.⌠...######
#.#.##...##.#.......#
#.###.....###.#.#####
#.##..#....##.#.#


You could see 2 killer bees.

Vanquished Creatures
  Sigmund (D:3)
  An ogre (D:5)
  A centaur (D:3)
  A kobold brigand (D:5)
  A necrophage (D:5)
  A scorpion (D:5)
  A jelly (D:3)
  Terence (D:2)
  An iguana (D:4)
  Ijyb (D:3)
  An orc wizard (D:4)
  4 gnolls (D:3)
  8 adders
  2 dart slugs
  4 orcs
  4 ball pythons
  3 bats
  7 endoplasms
  A giant cockroach (D:2)
  6 goblins
  2 hobgoblins
  6 kobolds
  4 quokkas
  A frilled lizard (D:1)
  11 rats
74 creatures vanquished.

Notes
Turn   | Place    | Note
-------+----------+-------------------------------------------
     0 | D:1      | Arcadio the Draconian Artificer began the quest for the
                  | Orb.
     0 | D:1      | Reached XP level 1. HP: 16/16 MP: 1/1
   452 | D:1      | Reached XP level 2. HP: 17/23 MP: 2/2
  1113 | D:2      | Reached skill level 2 in Fighting
  1114 | D:2      | Reached XP level 3. HP: 19/29 MP: 3/3
  1511 | D:2      | Found a faded altar of an unknown god.
  1551 | D:2      | Prayed at the altar of an unknown god.
  1551 | D:2      | Became a worshipper of Makhleb the Destroyer
  1551 | D:2      | Reached * piety under Makhleb
  1648 | D:2      | Noticed Terence
  1660 | D:2      | Killed Terence
  1661 | D:2      | Reached XP level 4. HP: 35/37 MP: 4/4
  2057 | D:3      | Reached ** piety under Makhleb
  2063 | D:3      | Reached skill level 3 in Fighting
  2114 | D:3      | Noticed Ijyb
  2118 | D:3      | Reached XP level 5. HP: 43/45 MP: 5/5
  2134 | D:3      | Killed Ijyb
  2257 | D:3      | Noticed Sigmund
  2327 | D:3      | Killed Sigmund
  2328 | D:3      | Reached skill level 4 in Fighting
  2328 | D:3      | Reached skill level 1 in Axes
  2328 | D:3      | Reached XP level 6. HP: 25/52 MP: 6/6
  2732 | D:3      | Found a shimmering blue altar of Sif Muna.
  2973 | D:4      | Found a glowing silver altar of Zin.
  3281 | D:4      | Found a shimmering altar of Xom.
  3392 | D:4      | Your scales start taking on a glossy black colour.
  3392 | D:4      | Reached XP level 7. HP: 54/60 MP: 7/7
  3392 | D:4      | Gained mutation: You are resistant to electric shocks.
                  | (rElec) [Black Draconian growth]
  3559 | D:5      | Entered Level 5 of the Dungeon
  3580 | D:5      | Reached skill level 5 in Fighting
  4031 | D:5      | Slain by a killer bee

Illustrated notes

Levels and vault maps discovered:
D:1:      erik_arrival_triangle_small, layout_basic
D:2:      layout_loops_ring, hellmonk_ecumenical_altar_pennies_from_heaven,
          minmay_misc_feat_pillars, uniq_terence
D:3:      layout_rooms, nicolae_sif_muna_condensation, uniq_sigmund, uniq_ijyb
D:4:      layout_rooms, mainiacjoe_overflow_tiny_flanked,
          mainiacjoe_overflow_alcove_2, minmay_distorted
D:5:      layout_loops_ring, st_stairs_14, grunt_decor_arrowhead,
          kennysheep_cross_room

Skill      XL: |  1  2  3  4  5  6  7 |
---------------+----------------------+-----
Fighting       | 2 3 4 5 |  5.3
Dodging        | 3 4 |  4.9
Evocations     | 4 |  4.3
Axes           | 1 2 3 |  3.5
Stealth        | |  0.8

Action                   |  1- 3 |  4- 6 |  7- 9 || total
-------------------------+-------+-------+-------++-------
Melee: Club              |    39 |       |       ||    39
       Tailslap          |     6 |    13 |     2 ||    21
       Mace              |    80 |       |       ||    80
       War axe           |     9 |   116 |    26 ||   151
 Abil: Breathe Lightning |       |       |     4 ||     4
Evoke: Wand              |       |     4 |       ||     4
  Use: Scroll            |       |       |     3 ||     3
       Potion            |       |       |     2 ||     2
 Stab: Sleeping          |     1 |     2 |       ||     3
Armor: Skin              |    55 |    72 |    15 ||   142
Dodge: Dodged            |    97 |    95 |    31 ||   223
